AoeStats
← KKony

MegaRandom

509995897Analyzed
2v2 RM · 3d ago on Sep 29, 2026· 56m 31s· 4 players
Game mode
Random Map
Map size
Medium (4 player)
Population
200
Speed
Normal
Resources
Standard
Victory
Conquest
Starting age
Dark Age
Ending age
Imperial Age
RankedLock teamsTeams togetherTeam positionsShared explorationLock speedFull tech treeHidden civsTurbo modeCheats
Victory
Defeat
🇺🇸 Burmese · United States
858
+16
🇲🇽 Malay · Mexico
854
+16
🇺🇸 Franks · United States
879
-17
🇺🇸 Portuguese · United States
841
-15
Buffoncito
7:40 Loom
11:28 Feudal Age
11:10 Town Watch
11:18 Double-Bit Axe
12:50 Wheelbarrow
19:05 Castle Age
17:10 Gold Mining
19:36 Stone Mining
30:29 Horse Collar
32:19 Hand Cart
34:23 Gold Shaft Mining
34:26 Murder Holes
34:12 Treadmill Crane
39:02 Imperial Age
38:14 Stone Shaft Mining
39:02 Conscription
39:04 Heavy Plow
39:26 Forging
39:36 Bow Saw
40:10 Ballistics
42:42 Chemistry
41:37 Pikeman
42:37 Squires
42:23 Arson
43:41 Town Watch
44:39 Iron Casting
43:55 Fletching
44:06 Padded Archer Armor
44:12 Scale Barding Armor
45:12 Forced Levy
44:33 Elite Karambit Warrior
45:49 Town Patrol
47:19 Caravan
48:08 Capped Ram
54:48 Blast Furnace
53:44 Bodkin Arrow
54:05 Leather Archer Armor
BEARFISTS
3:48 Loom
12:51 Feudal Age
13:25 Horse Collar
18:40 Castle Age
20:08 Pikeman
25:02 Bloodlines
27:28 Forging
27:18 Scale Mail Armor
30:53 Caravan
35:39 Imperial Age
34:39 Heavy Plow
35:02 Husbandry
37:11 Wheelbarrow
37:53 Block Printing
38:03 Sanctity
38:23 Halberdier
39:27 Siege Engineers
39:48 Conscription
39:36 Howdah
41:36 Scale Barding Armor
42:08 Iron Casting
41:34 Scale Mail Armor
41:41 Squires
41:27 Arson
44:49 Blast Furnace
44:10 Chain Barding Armor
44:28 Elite Battle Elephant
45:47 Chain Mail Armor
48:20 Plate Barding Armor
48:59 Plate Mail Armor
KKony
1:04 Loom
11:38 Feudal Age
15:28 Double-Bit Axe
18:41 Forging
19:32 Scale Barding Armor
24:40 Castle Age
28:59 Iron Casting
29:05 Bow Saw
28:48 Gold Mining
30:59 Town Watch
31:51 Wheelbarrow
31:56 Chain Barding Armor
34:16 Hand Cart
39:38 Imperial Age
38:23 Husbandry
40:03 Gold Shaft Mining
40:06 Cavalier
41:50 Paladin
45:05 Blast Furnace
44:41 Plate Barding Armor
46:57 Elite Throwing Axeman
48:09 Scale Mail Armor
48:41 Stone Mining
50:42 Fletching
53:51 Pikeman
55:34 Halberdier
gketchum12
4:41 Loom
11:10 Feudal Age
13:09 Double-Bit Axe
13:57 Horse Collar
16:00 Bloodlines
16:05 Gold Mining
16:39 Stone Mining
18:29 Wheelbarrow
18:44 Town Watch
23:24 Castle Age
24:21 Hand Cart
24:54 Bow Saw
25:20 Caravan
26:22 Stone Shaft Mining
26:33 Husbandry
26:56 Heavy Plow
28:32 Treadmill Crane
29:04 Town Patrol
30:32 Murder Holes
32:43 Masonry
34:37 Ballistics
35:41 Guard Tower
36:01 Pikeman
37:47 Fortified Wall
41:07 Padded Archer Armor
41:44 Fletching
42:45 Bodkin Arrow
43:54 Coinage
49:38 Herbal Medicine
Connection lost

Rejoining the realm…

Still unreachable

The connection could not be restored.

Session expired

The server has moved on; the page needs a fresh start.